 Dungeon Crawl Stone Soup version 0.31-a0-564-g3b7de120b3 (webtiles) character file.

Game seed: 8355239599122489161

5746 Newt the Trooper (level 10, 0/77 HPs)
             Began as a Demonspawn Gladiator on Aug 17, 2023.
             Was an Elder of Okawaru.
             Shot with an arrow by a centaur warrior (14 damage)
             ... on level 8 of the Dungeon.
             The game lasted 00:14:10 (9390 turns).

Newt the Trooper (Demonspawn Gladiator)             Turns: 9390, Time: 00:14:11

Health: 0/77       AC:  8    Str: 17    XL:     10   Next: 49%
Magic:  15/15      EV: 13    Int:  9    God:    Okawaru [****..]
Gold:   457        SH:  6    Dex: 19    Spells: 14/16 levels left

rFire   . . .        B - +9 falchion (venom)
rCold   . . .        r - +0 buckler
rNeg    . . .        I - +2 leather armour {Will+}
rPois   .            c - +1 helmet
rElec   .            (no cloak)
rCorr   .            (no gloves)
SInv    .            o - +0 pair of boots
Will    +....        s - amulet of the acrobat
Stlth   +            Q - ring of flight
HPRegen 0.32/turn    (no ring)
MPRegen 0.14/turn

%: acrobat, clarity
@: flying, unable to drink
A: (demonic guardian 1), ignite blood 2, agile 1, clarity, inability to drink
after injury 1
a: Renounce Religion, Heroism, Finesse


You were on level 8 of the Dungeon.
You worshipped Okawaru.
Okawaru was greatly pleased with you.
You visited 1 branch of the dungeon, and saw 8 of its levels.
You also visited: Bailey.

You collected 706 gold pieces.
You spent 249 gold pieces at shops.

Inventory:

Hand Weapons
 a - a +0 rapier
 e - a +1 whip of electrocution
 B - a +9 falchion of venom (weapon)
Missiles
 d - 2 throwing nets
 w - 10 boomerangs (quivered)
 J - a javelin
 S - 2 poisoned darts
Armour
 b - a +0 leather armour
 c - a +1 helmet (worn)
 o - a +0 pair of boots (worn)
 r - a +0 buckler (worn)
 v - +0 steam dragon scales
 y - a +2 chain mail of cold resistance
 H - a +0 leather armour of fire resistance
 I - a +2 leather armour of willpower (worn)
 M - a +0 crystal plate armour
Jewellery
 s - an amulet of the acrobat (around neck)
 u - a ring of magical power
 Q - a ring of flight (left hand)
Wands
 p - a wand of mindburst (11)
 C - a wand of iceblast (11)
 D - a wand of flame (19)
 E - a wand of quicksilver (15)
 G - a wand of polymorph (3)
Scrolls
 g - 7 scrolls of enchant armour
 t - 2 scrolls of silence
 x - 3 scrolls of teleportation
 A - a scroll of fog
 F - a scroll of blinking
 K - a scroll of amnesia
 N - a scroll of enchant weapon
 O - a scroll of brand weapon
 P - a scroll of identify
 R - a scroll of poison {unknown}
Potions
 f - 2 potions of cancellation
 h - 4 potions of mutation
 i - a potion of brilliance
 j - 2 potions of degeneration
 k - 3 potions of invisibility
 l - 3 potions of curing
 m - 2 potions of heal wounds
 n - a potion of enlightenment {unknown}
 q - a potion of haste
 z - 2 potions of might {unknown}
 L - 2 potions of experience {unknown}


   Skills:
 - Level 6.7 Fighting
 - Level 3.0(4.8) Short Blades
 + Level 5.9(6.3) Long Blades
 - Level 5.0 Maces & Flails
 - Level 5.0 Throwing
 - Level 3.0 Armour
 - Level 4.0 Dodging
 - Level 4.0 Shields
 - Level 3.9 Spellcasting
 - Level 3.9 Transmutations
 - Level 4.0 Evocations


You had 14 spell levels left.
You knew the following spells:

 Your Spells              Type           Power      Damage    Failure   Level
a - Wereblood             Tmut           8%         N/A       13%         2

Your spell library contained the following spells:

 Spells                   Type           Power      Damage    Failure   Level
 Kiss of Death            Conj/Necr      4%         2d5       38%         1
 Confusing Touch          Hex            1%         N/A       77%         3
 Portal Projectile        Hex/Tloc       2%         N/A       77%         3
 Anguish                  Hex/Necr       0%         N/A       99%         4
 Cause Fear               Hex            0%         N/A       99%         4
 Dispel Undead            Necr           1%         3d6       99%         4
 Iskenderun's Mystic Bla  Conj/Tloc      1%         2d3       99%         4
 Leda's Liquefaction      Hex/Erth       0%         N/A       99%         4
 Irradiate                Conj/Tmut      2%         3d12      99%         5
 Iskenderun's Battlesphe  Conj           1%         2d6       100%        5
 Leda's Unmaking          Conj/Erth      0%         9d1       100%        6
 Enfeeble                 Hex            0%         N/A       100%        7
 Call Canine Familiar     Summ           Unusable   N/A       N/A         3
 Tukima's Dance           Hex            Unusable   N/A       N/A         3
 Spellforged Servitor     Conj/Summ      Unusable   N/A       N/A         7

Dungeon Overview and Level Annotations

Branches:
Dungeon (8/15)             Temple (0/1) D:6          Bailey (visited)
   Lair: D:8-11

Altars:
Cheibriados
Okawaru

Shops:
D:2 *   D:4 ?   D:6 *

Annotations:
D:1 1 transporter
D:6 3 runed translucent doors, deremet's ghost, novice GnDe


Innate Abilities, Weirdness & Mutations

((A weak demonic guardian rushes to your aid.))
Your demonic aura often causes spilled blood to erupt in flames.
You are agile. (Dex +4, Str/Int -1)
You possess an exceptional clarity of mind.
You occasionally lose the ability to drink potions when taking damage.


Message History

A two-headed ogre comes into view. It is wielding two +0 giant clubs.
The two-headed ogre shouts in stereo!
A two-headed ogre is nearby!
A centaur warrior comes into view.
The two-headed ogre completely misses you.
The two-headed ogre barely misses you.
You slash the two-headed ogre!
The two-headed ogre is lightly wounded.
You slash the two-headed ogre!
The two-headed ogre is poisoned.
The two-headed ogre is moderately wounded.
The centaur warrior wields a +0 orcbow.
The centaur warrior shoots an arrow.
The arrow hits you!!
The two-headed ogre is engulfed in blazing flames.
The two-headed ogre hits you but does no damage.
You block the two-headed ogre's attack.
The centaur warrior shoots an arrow.
The arrow misses you.
You barely miss the two-headed ogre.
The two-headed ogre is heavily wounded.
The centaur warrior shoots an arrow.
You block the arrow.
The two-headed ogre is engulfed in blazing flames.
The two-headed ogre barely misses you. The two-headed ogre misses you.
Unknown command.
You slash the two-headed ogre!
The two-headed ogre looks as sick as possible!
The two-headed ogre is almost dead.
Unknown command.
You hit the two-headed ogre.
The two-headed ogre looks as sick as possible!
The two-headed ogre is almost dead.
The two-headed ogre hits you with a +0 giant club!! x2
You feel threatened and lose the ability to drink potions!
* * * LOW HITPOINT WARNING * * *
Unknown command.
The centaur warrior shoots an arrow.
The arrow misses you.
Unknown command.
You slash the two-headed ogre!
You kill the two-headed ogre!
Okawaru is honoured by your kill.
You can now speed up your combat.
The centaur warrior shoots an arrow.
The arrow hits you!
You die...

...........# #...#
...........# #...#
...........# #...#
...........####...#######
.........................
............###...######.
......c.....#..........#
.....☼..○...#.###..##.##
......○)@...#.#.......<#
###########.#...#..###.#
#.#####......#
#.......###### #########


You could see a centaur warrior.

Vanquished Creatures
  A two-headed ogre (D:8)
  Pikel (D:4)
  An orc knight (Bailey)
  The ghost of baller8008 the Magician, a novice DECj (D:5)
  A hornet (D:7)
  Sigmund (D:5)
  Eustachio (D:5)
  2 steam dragons
  Menkaure (D:7)
  Duvessa (D:5)
  An ice beast (D:6)
  2 sky beasts (D:7)
  13 orc warriors
  An ogre (D:6)
  4 phantoms
  A kobold brigand (D:5)
  A bullfrog (D:7)
  4 scorpions (D:5)
  4 wights (D:7)
  Dowan (D:5)
  A howler monkey (D:5)
  7 hounds
  6 orc priests
  2 gnoll boudas
  3 iguanas
  7 orc wizards
  Natasha (thrice) (D:2)
  9 gnolls
  8 adders
  A shadow imp (D:7)
  2 white imps
  3 ufetubi
  2 worms (D:2)
  2 dart slugs (D:1)
  49 orcs
  8 ball pythons
  7 endoplasms
  4 giant cockroaches
  10 goblins
  8 hobgoblins
  4 jackals (D:4)
  16 kobolds
  5 quokkas
  5 bats
  5 frilled lizards
  6 rats
226 creatures vanquished.

Vanquished Creatures (others)
  An orc wizard (D:4)
  A gnoll (D:5)
2 creatures vanquished.

Grand Total: 228 creatures vanquished

Notes
Turn   | Place    | Note
-------+----------+-------------------------------------------
     0 | D:1      | Newt the Demonspawn Gladiator began the quest for the Orb.
     0 | D:1      | Reached XP level 1. HP: 16/16 MP: 1/1
    71 | D:1      | Gained mutation: Your demonic aura sometimes causes spilled
                  | blood to erupt in flames. [demonic ancestry]
    71 | D:1      | Reached XP level 2. HP: 17/23 MP: 2/2
   192 | D:1      | Reached skill level 3 in Fighting
   312 | D:1      | Found a faded altar of an unknown god.
   523 | D:1      | Reached XP level 3. HP: 27/29 MP: 3/3
   897 | D:2      | Noticed Natasha
   897 | D:2      | Found Epurul's Assorted Antiques.
   904 | D:2      | Killed Natasha
   905 | D:2      | Reached skill level 4 in Fighting
   952 | D:2      | Bought a scroll labelled VUM KUOCADUYLEN for 23 gold pieces
   955 | D:2      | Bought a fizzy sapphire potion for 20 gold pieces
   955 | D:2      | Bought a metallic ruby potion for 20 gold pieces
  1009 | D:2      | Reached XP level 4. HP: 36/37 MP: 4/4
  1075 | D:2      | Noticed Natasha
  1087 | D:2      | Killed Natasha
  1296 | D:2      | Gained mutation: Your demonic aura often causes spilled
                  | blood to erupt in flames. [demonic ancestry]
  1296 | D:2      | Reached XP level 5. HP: 42/42 MP: 5/5
  1478 | D:2      | Noticed Natasha
  1494 | D:2      | Killed Natasha
  1915 | D:3      | Noticed a phantom
  1943 | D:3      | Killed a phantom
  1944 | D:3      | Reached skill level 5 in Fighting
  1944 | D:3      | Reached XP level 6. HP: 19/51 MP: 6/6
  2533 | D:4      | Noticed a steam dragon
  2540 | D:4      | Killed a steam dragon
  2541 | D:4      | Reached skill level 6 in Fighting
  2541 | D:4      | Reached skill level 1 in Evocations
  3071 | D:4      | Reached XP level 7. HP: 58/58 MP: 7/7
  4445 | D:4      | Found Fokleti's Magic Scroll Boutique.
  4448 | D:4      | Bought a scroll of enchant weapon for 82 gold pieces
  4448 | D:4      | Bought a scroll of brand weapon for 104 gold pieces
  4542 | D:5      | Entered Level 5 of the Dungeon
  4542 | D:5      | Noticed Eustachio
  4548 | D:5      | Noticed Pikel
  4554 | D:5      | Killed Eustachio
  4555 | D:5      | Reached XP level 8. HP: 47/64 MP: 8/8
  4562 | D:4      | Gained mutation: You occasionally lose the ability to drink
                  | potions when taking damage. [potion of mutation]
  4562 | D:4      | Gained mutation: You possess an exceptional clarity of
                  | mind. [potion of mutation]
  4562 | D:4      | Gained mutation: You are agile. (Dex +4, Str/Int -1)
                  | [potion of mutation]
  4578 | D:4      | Reached skill level 5 in Throwing
  4602 | D:4      | Killed Pikel
  5064 | D:5      | Reached skill level 5 in Maces & Flails
  5072 | D:5      | Reached skill level 1 in Shields
  5078 | D:5      | Reached XP level 9. HP: 24/69 MP: 9/9
  5302 | D:5      | Found an iron altar of Okawaru.
  5303 | D:5      | Noticed Sigmund
  5307 | D:5      | Noticed Duvessa
  5311 | D:5      | Noticed Dowan
  5314 | D:5      | Killed Sigmund
  5317 | D:5      | Became a worshipper of Warmaster Okawaru
  5328 | D:5      | Killed Duvessa
  5332 | D:5      | Killed Dowan
  5670 | D:5      | Found a runed translucent gate.
  5670 | D:5      | Found a runed translucent gate.
  5670 | D:5      | Found a runed translucent gate.
  5672 | D:5      | Noticed baller8008's ghost (novice DECj)
  5889 | D:5      | Killed baller8008's ghost
  6189 | D:6      | Noticed a boulder beetle
  6190 | D:6      | Found a runed translucent gate.
  6194 | D:6      | Noticed a troll
  6196 | D:6      | Noticed deremet's ghost (novice GnDe)
  6206 | D:6      | Reached skill level 1 in Spellcasting
  6206 | D:6      | Reached skill level 1 in Transmutations
  6333 | D:6      | Reached * piety under Okawaru
  6352 | D:6      | Found a snail-covered altar of Cheibriados.
  6565 | D:6      | Found a runed translucent gate.
  6565 | D:6      | Found a runed translucent gate.
  6598 | D:6      | Found Fetturhu's CLEARANCE SALE!.
  6768 | D:6      | Found a staircase to the Ecumenical Temple.
  7173 | D:7      | Learned a level 2 spell: Wereblood
  7304 | D:7      | Found a flagged portal.
  7314 | D:7      | Reached ** piety under Okawaru
  7374 | Bailey   | Entered a bailey
  7595 | Bailey   | Reached skill level 1 in Long Blades
  7595 | Bailey   | Gained mutation: A weak demonic guardian rushes to your
                  | aid. [demonic ancestry]
  7595 | Bailey   | Reached XP level 10. HP: 71/77 MP: 15/15
  7872 | Bailey   | Noticed an orc knight
  7894 | Bailey   | Killed an orc knight
  8064 | Bailey   | Reached *** piety under Okawaru
  8084 | Bailey   | Reached skill level 5 in Long Blades
  8408 | D:7      | Noticed Menkaure
  8418 | D:7      | Killed Menkaure
  9380 | D:8      | Noticed a two-headed ogre
  9383 | D:8      | Noticed a centaur warrior
  9390 | D:8      | Killed a two-headed ogre
  9390 | D:8      | Reached **** piety under Okawaru
  9390 | D:8      | Shot with an arrow by a centaur warrior

Illustrated notes

Levels and vault maps discovered:
D:1:      spicycebolla_arrival_risky_transporter, layout_basic,
          shapermc_ecumenical_altar_starsandcircs, minmay_gold_behind_fungi,
          minmay_tall_x
D:2:      layout_rooms, serial_shops, nicolae_shop_pleasant_corner_grove,
          uniq_natasha
D:3:      layout_basic, grunt_ministairs_10
D:4:      layout_basic, serial_shops, nicolae_shop_rolled_up, st_stairs_11
D:5:      layout_cave_pools, okawaru_trees_1, gammafunk_ghost_nasty_kobolds,
          uniq_duvessa, uniq_pikel, uniq_eustachio, uniq_sigmund
D:6:      layout_cave_pools, lemuel_doored_altar,
          minmay_temple_entry_large_hall, gammafunk_ghost_split,
          kennysheep_nondescript, chequers_arboretum, nicolae_shop_clearance
D:7:      layout_basic, enter_bailey_3, uniq_menkaure
D:8:      layout_basic, grunt_gozag_breadcrumbs, small_statue_intersection,
          kb_rosetta

Skill      XL: |  1  2  3  4  5  6  7  8  9 10 |
---------------+-------------------------------+-----
Fighting       | 3 4 5 6 |  6.7
Dodging        | 3 4 |  4.0
Short Blades   | 3 |  3.0
Evocations     | 2 4 |  4.0
Throwing       | 4 5 |  5.0
Armour         | 3 |  3.0
Maces & Flails | 5 |  5.0
Shields        | 1 4 |  4.0
Spellcasting   | 3 |  3.9
Transmutations | 3 |  3.9
Long Blades    | 1 5 |  5.9

Action                     |  1- 3 |  4- 6 |  7- 9 | 10-12 || total
---------------------------+-------+-------+-------+-------++-------
  Melee: Rapier            |    97 |   242 |   144 |       ||   483
         Punch             |     1 |       |       |       ||     1
         Whip              |       |       |   228 |       ||   228
         Falchion          |       |       |    13 |    99 ||   112
  Throw: Boomerang         |       |       |    54 |    27 ||    81
         Javelin           |       |       |     3 |       ||     3
         Throwing net      |       |       |       |     1 ||     1
   Cast: Wereblood         |       |       |       |     1 ||     1
  Evoke: Wand              |       |     1 |     7 |       ||     8
    Use: Scroll            |     4 |     3 |     8 |     3 ||    18
         Potion            |       |       |     5 |     2 ||     7
   Stab: Sleeping          |       |     3 |     2 |     1 ||     6
         Invisible         |       |       |       |     2 ||     2
         Held in net/web   |       |       |       |     1 ||     1
 Armour: Leather armour    |    34 |    68 |    36 |    23 ||   161
         Steam dragon scal |       |    24 |    85 |       ||   109
         Skin              |       |     1 |       |       ||     1
  Dodge: Dodged            |    45 |   151 |   268 |   101 ||   565
  Block: Buckler           |       |    35 |   116 |    49 ||   200

Table legend: (Time is in decaauts)
 A = Elapsed time spent in this place.
 B = Non-inter-level travel time spent in this place.
 C = Inter-level travel time spent in this place.
 D = Time resting spent in this place.
 E = Time spent auto-exploring this place.
 F = Levels seen in this place.
 G = Mean time per level.
                   A        B        C        D        E       F      G
               +--------+--------+--------+--------+--------+-----+--------+
         Total |   9420 |   9154 |    266 |   2856 |   4555 |   9 | 1046.7 |
       Dungeon |   8432 |   8166 |    266 |   2121 |   4459 |   8 | 1054.0 |
        Bailey |    988 |    988 |      0 |    735 |     96 |   1 |  988.0 |
               +--------+--------+--------+--------+--------+-----+--------+

Top non-repeatable levels by time:
     D:4: 2197 daAuts
     D:5: 1243 daAuts
     D:3: 1075 daAuts
  Bailey: 988 daAuts
     D:1: 905 daAuts
     D:7: 891 daAuts
     D:6: 825 daAuts
     D:2: 757 daAuts
     D:8: 537 daAuts
